AoeStats
← Thomas

MegaRandom

509749224Analyzed
2v2 RM · 4d ago on Sep 27, 2026· 64m 45s· 4 players
Game mode
Random Map
Map size
Medium (4 player)
Population
200
Speed
Normal
Resources
Standard
Victory
Conquest
Starting age
Dark Age
Ending age
Imperial Age
RankedLock teamsTeams togetherTeam positionsShared explorationLock speedFull tech treeHidden civsTurbo modeCheats
Victory
Defeat
🇩🇪 Malay · Germany
1090
+16
🇺🇸 Huns · United States
1088
+16
🇨🇱 Huns · Chile
1093
-16
🇨🇱 Saxons · Chile
1092
-16
thelegendaryknight1
1:47 Loom
10:56 Feudal Age
11:06 Man-at-Arms
18:25 Castle Age
16:15 Double-Bit Axe
17:41 Gold Mining
17:41 Stone Mining
17:41 Gold Mining
17:50 Horse Collar
19:44 Bow Saw
19:49 Heavy Plow
21:06 Gold Shaft Mining
27:21 Pikeman
28:24 Scale Mail Armor
32:35 Elite Skirmisher
34:00 Ballistics
36:19 Imperial Age
34:49 Wheelbarrow
37:52 Hand Cart
41:45 Two-Man Saw
41:15 Padded Archer Armor
41:06 Fletching
42:22 Chemistry
42:09 Squires
41:57 Long Swordsman
43:05 Chain Mail Armor
42:56 Two-Handed Swordsman
44:22 Forging
46:11 Coinage
45:53 Caravan
46:46 Guilds
47:22 Iron Casting
46:33 Halberdier
50:03 Banking
49:56 Marauders
52:07 Parthian Tactics
53:32 Heavy Cavalry Archer
54:24 Bodkin Arrow
54:35 Scale Barding Armor
55:52 Leather Archer Armor
55:38 Bracer
56:44 Blast Furnace
57:16 Chain Barding Armor
57:22 Cavalier
58:02 Husbandry
59:08 Atheism
59:51 Arson
60:56 Plate Barding Armor
61:53 Paladin
Heartbreaker
8:46 Feudal Age
8:27 Double-Bit Axe
8:23 Horse Collar
10:09 Loom
14:42 Scale Barding Armor
21:12 Castle Age
20:46 Forging
24:42 Pikeman
32:34 Fletching
33:12 Elite Skirmisher
34:42 Padded Archer Armor
35:06 Bodkin Arrow
37:11 Ballistics
38:13 Wheelbarrow
37:40 Heavy Plow
37:51 Bow Saw
38:57 Squires
44:04 Imperial Age
46:58 Iron Casting
47:43 Hand Cart
47:14 Town Watch
48:31 Chemistry
48:55 Husbandry
50:18 Halberdier
51:34 Caravan
52:04 Coinage
52:32 Coinage
54:12 Blast Furnace
54:58 Banking
54:53 Guilds
57:19 Elite Battle Elephant
59:25 Bombard Tower
Deivid
8:50 Feudal Age
7:05 Loom
9:42 Double-Bit Axe
9:38 Horse Collar
19:58 Castle Age
18:55 Stone Mining
19:21 Gold Mining
21:54 Gold Shaft Mining
21:25 Heavy Plow
26:44 Wheelbarrow
28:54 Forging
30:35 Scale Mail Armor
31:38 Squires
33:58 Arson
34:52 Gambesons
38:27 Hand Cart
38:02 Town Watch
38:42 Padded Archer Armor
39:37 Gold Shaft Mining
39:14 Clerical Recruitment
40:41 Town Patrol
41:20 Chain Mail Armor
42:11 Bow Saw
43:23 Iron Casting
44:08 Leather Archer Armor
45:22 Bloodlines
45:12 Husbandry
44:45 Man-at-Arms
46:18 Caravan
50:03 Imperial Age
49:03 Long Swordsman
51:54 Two-Man Saw
50:47 Two-Handed Swordsman
50:51 Elite Varangian Guard
51:55 Conscription
51:21 Capped Ram
52:52 Crop Rotation
56:20 Siege Ram
Thomas
9:41 Feudal Age
14:18 Castle Age
12:17 Double-Bit Axe
12:31 Horse Collar
15:32 Husbandry
25:03 Loom
26:28 Forging
26:24 Scale Barding Armor
27:03 Gold Mining
27:03 Stone Mining
28:26 Fletching
30:42 Bodkin Arrow
32:02 Bow Saw
36:14 Imperial Age
34:26 Ballistics
34:39 Bloodlines
35:09 Marauders
36:01 Stone Mining
36:46 Gold Shaft Mining
36:48 Heavy Plow
39:35 Wheelbarrow
40:01 Elite Tarkan
43:52 Iron Casting
43:38 Chain Barding Armor
44:17 Hand Cart
46:03 Blast Furnace
46:32 Conscription
46:39 Caravan
57:45 Plate Barding Armor
57:11 Cavalier
58:06 Paladin
Connection lost

Rejoining the realm…

Still unreachable

The connection could not be restored.

Session expired

The server has moved on; the page needs a fresh start.